 Seeded DCSS version 0.29-a0-418-gc0181ea820 (webtiles) character file.

Game seed: 696969 (custom seed)

39 davecave the Bolt Thrower (level 3, 0/27 HPs)
             Began as a Demonspawn Hunter on May 17, 2022.
             Killed from afar by Sigmund (6 damage)
             ... with a magic dart
             ... on level 2 of the Dungeon.
             The game lasted 00:03:50 (975 turns).

davecave the Bolt Thrower (Demonspawn Hunter)        Turns: 975, Time: 00:03:50

Health: 0/27       AC:  5    Str: 11    XL:     3   Next: 26%
Magic:  3/3        EV: 12    Int: 10    God:
Gold:   1122       SH:  0    Dex: 18    Spells: 2/2 levels left

rFire   . . .      SeeInvis .   a - +1 hand crossbow
rCold   . . .      Faith    .   (no shield)
rNeg    . . .      Spirit   .   b - +0 leather armour
rPois   .          Reflect  .   (no helmet)
rElec   .          Harm     .   (no cloak)
rCorr   .          Rampage  .   (no gloves)
Will    .....                   (no boots)
Stlth   ++........              (no amulet)
HPRegen 0.09/turn               (no ring)
MPRegen 0.08/turn               (no ring)

@: no status effects
A: slimy green scales 1, foul stench 1
a: no special abilities


You were on level 2 of the Dungeon.
You visited 1 branch of the dungeon, and saw 2 of its levels.

You collected 1122 gold pieces.

Inventory:

Hand Weapons
 a - a +1 hand crossbow (weapon)
 f - a +2 whip of distortion
Armour
 b - a +0 leather armour (worn)
 g - +0 gold dragon scales
Wands
 h - a wand of iceblast (3)
Scrolls
 c - 2 scrolls of immolation
 d - 2 scrolls of acquirement
 e - a scroll of blinking {unknown}
 i - a scroll of teleportation {unknown}


   Skills:
 - Level 2.0 Fighting
 + Level 4.0 Crossbows
 - Level 2.1 Dodging
 - Level 2.3 Stealth


You had 2 spell levels left.
You didn't know any spells.
Your spell library contained the following spells:

 Spells                   Type           Power      Damage    Failure   Level
 Foxfire                  Conj/Fire      0%         2x1d4     45%         1
 Conjure Flame            Conj/Fire      0%         6-21      83%         3
 Inner Flame              Hex/Fire       0%         N/A       83%         3
 Flame Wave               Conj/Fire      0%         2d4       99%         4


Dungeon Overview and Level Annotations

Branches:
Dungeon (2/15)

Altars:

Annotations:
D:2 Sigmund


Innate Abilities, Weirdness & Mutations

You are partially covered in slimy green scales. (AC +2)
You may rarely emit foul miasma when damaged in melee.


Message History

You open the door.
Sigmund the Dreaded comes into view.
He is wielding a +0 scythe.
Found a scroll labelled JYSORCH ZYQOEN and a fuming orange potion.
You shoot a bolt. The bolt hits Sigmund.
Sigmund shouts!
Sigmund is lightly wounded.
Sigmund misses you.
Sigmund is nearby!
You shoot a bolt. The bolt barely misses Sigmund.
Sigmund gestures at you while chanting.
You are confused.
You are too confused!
You are too confused!
You are too confused!
You are too confused!
You are too confused!
You bump into the rock wall.
Sigmund barely misses you.
You are too confused!
It was a potion of curing.
You feel better.
You shoot a bolt.
The bolt hits Sigmund but does no damage.
Sigmund is lightly wounded.
Sigmund hits you from afar with a +0 scythe.
You shoot a bolt.
The bolt hits Sigmund but does no damage.
Sigmund is lightly wounded.
Sigmund hits you from afar with a +0 scythe.
You shoot a bolt. The bolt barely misses Sigmund.
Sigmund hits you from afar with a +0 scythe!
You are too injured to fight recklessly!
You are too injured to fight recklessly!
Sigmund casts a spell.
Sigmund flickers and vanishes!
Deactivating autopickup; reactivate with Ctrl-A.
A magic dart appears from out of thin air!
The magic dart hits you!
* * * LOW HITPOINT WARNING * * *
A magic dart appears from out of thin air!
The magic dart hits you.
You die...

#.# ###....#. #.# #....#.
#{#.. ######....## #.#..
#........### #.#.#
#...†#...# # ########.#.#
#.†..#...# #........#.#
#...##..##
.........#.###.####..# ##
........@#..........####.
.........'.........###...
.........#.......####....
.#######.#....#### #..###
#.#.#### ##..##.
#.#...### #...#.)
#.#.....## #...#..
#.#......###......
#.#.###..##....###


There were no monsters in sight!

Vanquished Creatures
  A dart slug (D:1)
  3 bats
  3 endoplasms (D:1)
  3 giant cockroaches
  6 goblins
  A hobgoblin (D:1)
  6 kobolds
  A quokka (D:1)
  4 ball pythons (D:1)
  3 frilled lizards
  3 rats
34 creatures vanquished.

Notes
Turn   | Place    | Note
-------+----------+-------------------------------------------
     0 | D:1      | davecave the Demonspawn Hunter began the quest for the Orb.
     0 | D:1      | Reached XP level 1. HP: 16/16 MP: 1/1
    25 | D:1      | Reached skill level 1 in Stealth
    76 | D:1      | Gained mutation: You may rarely emit foul miasma when
                  | damaged in melee. [demonic ancestry]
    76 | D:1      | Reached XP level 2. HP: 17/22 MP: 2/2
   122 | D:1      | Identified 3 scrolls of acquirement
   122 | D:1      | Acquired 1057 gold pieces
   544 | D:1      | Gained mutation: You are partially covered in slimy green
                  | scales. (AC +2) [demonic ancestry]
   544 | D:1      | Reached XP level 3. HP: 26/27 MP: 3/3
   926 | D:2      | Reached skill level 4 in Crossbows
   953 | D:2      | Noticed Sigmund
   975 | D:2      | Killed from afar by Sigmund

Illustrated notes

Levels and vault maps discovered:
D:1:      minmay_arrival_stair_chambers, layout_basic
D:2:      minmay_recursive_quarters, layout_basic, skrybe_limestone_x,
          uniq_sigmund, uniq_natasha

Skill      XL: |  1  2  3 |
---------------+----------+-----
Stealth        | 1 2 |  2.3
Dodging        | 2 |  2.1
Crossbows      | 4 |  4.0
Fighting       | |  2.0

Action                   || total
-------------------------++-------
 Fire: Hand crossbow     ||    68
  Use: Scroll            ||     1
       Potion            ||     1
Armor: Leather armour    ||     4
Dodge: Dodged            ||    22

Table legend: (Time is in decaauts)
 A = Elapsed time spent in this place.
 B = Non-inter-level travel time spent in this place.
 C = Inter-level travel time spent in this place.
 D = Time resting spent in this place.
 E = Time spent auto-exploring this place.
 F = Levels seen in this place.
 G = Mean time per level.
                   A        B        C        D        E       F      G
               +--------+--------+--------+--------+--------+-----+--------+
         Total |    998 |    990 |      8 |    188 |    504 |   2 |  499.0 |
       Dungeon |    998 |    990 |      8 |    188 |    504 |   2 |  499.0 |
               +--------+--------+--------+--------+--------+-----+--------+

Top non-repeatable levels by time:
     D:1: 781 daAuts
     D:2: 217 daAuts
